cohdb
Replays
Latest Replays
All Replays
Popular Replays
Top Player Replays
Match Explorer
How It Works
Community
CoH3 Stats
Reddit
Sign in to upload your games and track your stats! →
Sign in with Steam
Match 44427050
Unlisted
Match 44427050
Overview
Messages
Build Orders
End
Panzergrenadier Squad
Kradschützen Motorcycle Team
Panzergrenadier Squad
Construct Light Support Kompanie
MG34 Team
2.5-tonne Medical Truck
Fire Support Elements
Panzerjäger Mechanized Group
Selects Panzerjäger Kommand Battlegroup
Selects Tank Busters
Flakvierling Half-track
Pak 38 Anti-tank Gun Team
Construct Panzerarmee Kommand
Selects Mine Fields
Selects Defensive Positions
Vehicle Survival Package
Panzerjäger Mechanized Group
Walking Stuka Rocket Launcher
Selects Crew Shock Tactics
Selects Anti-tank Overwatch
Walking Stuka Rocket Launcher
Crew Shock Tactics
NEP_wilson_NEP
HulkSMASH
Symbiosis
Skeng.Tecnica.International
0
0
Comments
sign in to comment!
No comments posted yet!